 Dungeon Crawl Stone Soup version 0.18.1-48-g4cf74bf (webtiles) character file.

28 torvon the Charmwright (level 3, -4/28 HPs)
             Began as a Merfolk Skald on Aug 8, 2016.
             Slain by a gnoll
             ... wielding a +0 halberd
              (8 damage)
             ... on level 2 of the Dungeon.
             The game lasted 00:04:31 (994 turns).

torvon the Charmwright (Merfolk Skald)               Turns: 994, Time: 00:04:32

Health: -4/28      AC:  4    Str: 13    XL:     3   Next: 12%
Magic:  6/6        EV: 11    Int: 11    God:
Gold:   68         SH:  0    Dex: 13    Spells: 3 memorised, 0 levels left

rFire  . . .     SeeInvis .     a - +0 spear
rCold  . . .     Gourm    .     b - +0 leather armour
rNeg   . . .     Faith    .     (no shield)
rPois  .         Spirit   .     n - +0 helmet
rElec  .         Dismiss  .     (no cloak)
rCorr  .         Reflect  .     (no gloves)
SustAt .         Harm     .     (no boots)
MR     .....                    (no amulet)
Stlth  +.........               (no ring)
                                (no ring)

@: not resistant to hostile enchantments, very unstealthy
A: change form in water, swift swim
a: no special abilities


You were on level 2 of the Dungeon.
You were not hungry.

You visited 1 branch of the dungeon, and saw 2 of its levels.

You collected 68 gold pieces.

Inventory:

Hand Weapons
 a - a +0 spear (weapon)
Missiles
 h - 13 bolts
 i - 46 poisoned needles
Armour
 b - a +0 leather armour (worn)
 l - a +0 robe
 n - a +0 helmet (worn)
 t - a +0 leather armour
Wands
 r - a wand of digging (12/24)
Scrolls
 g - a scroll of random uselessness {unknown}
 k - a scroll of recharging {unknown}
 m - a scroll of teleportation {unknown}
Potions
 e - a potion of brilliance {unknown}
 j - a potion of cure mutation {unknown}
 p - a potion of agility {unknown}
 q - a potion of invisibility {unknown}
 s - a potion of might {unknown}
 u - a potion of magic {unknown}
 v - a potion of degeneration {unknown}
Books
 c - a book of Battle

   Spells                             Type                      Level
   a - Infusion                       Charms                       1
   b - Shroud of Golubria             Charms/Translocation         2
   c - Song of Slaying                Charms                       2
   d - Spectral Weapon                Hexes/Charms                 3
   e - Regeneration                   Charms/Necromancy            3
Comestibles
 d - 3 bread rations
 f - 3 fruits
 o - a meat ration


   Skills:
 + Level 2.9 Fighting
 + Level 3.3 Polearms
 - Level 0.6 Armour
 - Level 1.3 Dodging
 - Level 2.0 Spellcasting
 * Level 4.0 Charms


You couldn't memorise any spells.
You knew the following spells:

 Your Spells              Type           Power        Failure   Level  Hunger
a - Infusion              Chrm           ##..         10%         1    ##.....
b - Shroud of Golubria    Chrm/Tloc      #.........   24%         2    ###....
c - Spectral Weapon       Hex/Chrm       #.......     50%         3    ####...


Dungeon Overview and Level Annotations

Branches:
Dungeon (2/15)

Altars:


Message History

The gnoll shouts!
You hit the gnoll.
The gnoll is moderately wounded.
The gnoll closely misses you.
The gnoll hits you from afar with a halberd!
You closely miss the gnoll.
The gnoll is moderately wounded.
The gnoll hits you with a flail. The gnoll misses you.
You barely miss the gnoll.
The gnoll is moderately wounded.
The gnoll hits you but does no damage.
You hit the gnoll but do no damage.
The gnoll is moderately wounded.
The gnoll hits you from afar with a halberd.
The gnoll hits you with a flail!
* * * LOW HITPOINT WARNING * * *
You barely miss the gnoll.
The gnoll is moderately wounded.
The gnoll hits you from afar with a halberd!
You die...

#####.#### #.# ## #..##
##.##
.####...###########...####
.'.....................>.+
.####......#####........##
## #...##.# #.###.##.# #
#.#.##.# #.# #.##.#
#.#.##.# #.# #.##.#
#......# #@# ..##.#
###.#..# #g# ####.# #.#..#
#g# #.# #....# #g# #.#
###.## #.? ... #.# ##.
#########.# . ..........#
.. .##########


You could see 3 gnolls.

Vanquished Creatures
  4 dart slugs (D:1)
  2 giant cockroaches
  2 goblins
  3 hobgoblins (D:1)
  2 ball pythons (D:1)
  4 bats
  2 rats (D:1)
19 creatures vanquished.

Notes
Turn   | Place    | Note
--------------------------------------------------------------
     0 | D:1      | torvon the Merfolk Skald began the quest for the Orb.
     0 | D:1      | Reached XP level 1. HP: 16/16 MP: 3/3
   155 | D:1      | Reached XP level 2. HP: 20/23 MP: 5/5
   441 | D:1      | Learned a level 2 spell: Shroud of Golubria
   510 | D:1      | Reached skill level 4 in Charms
   599 | D:2      | Reached XP level 3. HP: 24/28 MP: 6/6
   639 | D:2      | Learned a level 3 spell: Spectral Weapon
   994 | D:2      | Slain by a gnoll

Skill      XL: |  1  2 |
---------------+-------+-----
Charms         | 4 |  4.0
Fighting       | |  2.9
Polearms       | |  3.3
Armour         | |  0.6
Dodging        | |  1.3
Spellcasting   | |  2.0

Action                   || total
-------------------------++-------
Melee: Spear             ||    87
 Cast: Infusion          ||     4
Armor: Leather armour    ||    23
Dodge: Dodged            ||    56
